 Dungeon Crawl Stone Soup version 0.31-a0-1074-g0b22e4e0f1 (webtiles) character file.

Game seed: 11820679982493586048

6169 IdlyInterested the Slicer (level 10, -5/76 HPs)
             Began as a Demonspawn Gladiator on Dec 7, 2023.
             Shot with an arrow by a centaur (8 damage)
             ... on level 9 of the Dungeon.
             The game lasted 00:28:05 (8943 turns).

IdlyInterested the Slicer (Demonspawn Gladiator)    Turns: 8943, Time: 00:28:05

Health: -5/76      AC: 14    Str: 16    XL:     10   Next: 60%
Magic:  13/13      EV:  9    Int: 18    God:
Gold:   104        SH:  5    Dex: 20    Spells: 9/9 levels left

rFire   . . .        s - +2 short sword (speed)
rCold   . . .        (no shield)
rNeg    . . .        H - +2 chain mail "Jutwestran" {rF+}
rPois   +            r - +2 helmet {Int+3}
rElec   .            J - scarf {+Inv}
rCorr   .            (no gloves)
SInv    .            a - +0 pair of boots
Will    +....        m - amulet of reflection
Stlth   +            w - ring of flight
HPRegen 0.32/turn    y - +6 ring of intelligence
MPRegen 0.26/turn

%: reflection
@: flying
A: thin skeletal structure 1, demonic guardian 2, magic regeneration, demonic
touch 1, strong-willed 1, poison resistance, heat vulnerability 1
a: Evoke Invisibility


You were on level 9 of the Dungeon.
You visited 2 branches of the dungeon, and saw 10 of its levels.

You collected 544 gold pieces.
You spent 440 gold pieces at shops.

Inventory:

Hand Weapons
 g - a +1 short sword of freezing
 j - a +2 dagger of venom
 o - a +3 dagger of protection
 s - a +2 short sword of speed (weapon)
Missiles
 c - 5 throwing nets
 d - 7 javelins
 e - 6 boomerangs
 f - 105 stones (quivered)
 E - 16 poisoned darts
Armour
 a - a +0 pair of boots (worn)
 q - a +2 robe of willpower
 r - a +2 helmet of intelligence (worn)
 H - the +2 chain mail "Jutwestran" (worn) {rF+}
   (You bought it in a shop on level 8 of the Dungeon)

   rF+:       It protects you from fire.
 J - a scarf of invisibility (worn)
Jewellery
 m - an amulet of reflection (around neck)
 w - a ring of flight (left hand)
 y - a +6 ring of intelligence (right hand)
 D - a ring of poison resistance
Talismans
 A - a serpent talisman
Wands
 h - a wand of charming (5)
 i - a wand of polymorph (16)
 z - a wand of digging (10)
 B - a wand of iceblast (11)
 K - a wand of flame (6)
Scrolls
 b - 2 scrolls of revelation
 n - a scroll of brand weapon
 t - a scroll of fear
 u - 2 scrolls of poison
 v - 6 scrolls of enchant weapon
 x - 2 scrolls of fog
 C - 3 scrolls of teleportation
 F - a scroll of identify
 G - a scroll of enchant armour
Potions
 k - 2 potions of enlightenment
 l - a potion of attraction
 p - 3 potions of invisibility
 I - a potion of might
 L - a potion of berserk rage


   Skills:
 + Level 6.3 Fighting
 * Level 10.1 Short Blades
 - Level 2.0 Throwing
 - Level 2.0 Armour
 + Level 4.6 Dodging
 - Level 3.0 Stealth
 - Level 1.0 Shields
 - Level 6.0 Unarmed Combat
 - Level 4.0 Invocations
 - Level 2.0 Evocations
 - Level 3.0 Shapeshifting


You had 9 spell levels left.
You didn't know any spells.
Your spell library contained the following spells:

 Spells                   Type           Power      Damage    Failure   Level
 Blink                    Tloc           0%         N/A       99%         2
 Scorch                   Fire           0%         2d5       99%         2
 Flame Wave               Conj/Fire      0%         2d4       100%        4
 Manifold Assault         Tloc           0%         N/A       100%        4
 Alistair's Intoxication  Tmut/Pois      0%         N/A       100%        5
 Borgnjor's Vile Clutch   Necr/Erth      0%         N/A       100%        5
 Iskenderun's Battlesphe  Conj           0%         2d6       100%        5
 Bombard                  Conj/Erth      0%         9d1       100%        6
 Eringya's Noxious Bog    Tmut/Pois      0%         4d6       100%        6
 Summon Cactus Giant      Summ           0%         N/A       100%        6
 Spellforged Servitor     Conj/Summ      0%         N/A       100%        7


Dungeon Overview and Level Annotations

Branches:
Dungeon (9/15)             Temple (1/1) D:4            Lair (0/5) D:8
    Orc: D:9-12

Altars:
Ashenzari
Cheibriados
Dithmenos
Fedhas
Gozag
Hepliaklqana
Kikubaaqudgha
Makhleb
Nemelex Xobeh
Okawaru
Qazlal
Ru
Sif Muna
Trog
Uskayaw
Vehumet
Wu Jian
Xom
Yredelemnul

Shops:
D:8 :??[[


Innate Abilities, Weirdness & Mutations

You have a somewhat thin skeletal structure. (Dex +2, Stealth+)
A demonic guardian rushes to your aid.
You regenerate magic rapidly.
Your touch may inflict minor irresistible damage on your foes.
You are strong-willed. (Will+)
Your system is resistant to poisons. (rPois)
You are vulnerable to heat. (rF-)


Message History

The orc warrior is heavily wounded.
The orc warrior hits you with a +0 mace.
* * * LOW HITPOINT WARNING * * *
You hit the orc warrior but do no damage.
You touch the orc warrior!
The orc warrior is almost dead.
You hit the orc warrior.
You kill the orc warrior!
Throw: 107 stones
Press: ? - help, Q - select action, (/) - cycle Shift-Dir - straight line, f - centaur
Aim: a centaur, wielding a +0 orcbow (heavily wounded, 74% to hit)
You throw a stone.
The stone hits the centaur but does no damage.
The centaur is heavily wounded.
The centaur shoots an arrow.
The arrow hits you but does no damage.
The centaur shoots an arrow.
Throw: 106 stones
Press: ? - help, Q - select action, (/) - cycle Shift-Dir - straight line, f/p - centaur
Aim: a centaur, wielding a +0 orcbow (heavily wounded, 74% to hit)
You throw a stone. The stone barely misses the centaur.
You hear some strange, mumbled words.
A magic dart appears from out of thin air!
The magic dart hits you.
* * * LOW HITPOINT WARNING * * *
The centaur wields a +1 shortbow of flaming.
It bursts into flame!
The centaur shoots an arrow.
Reactivating autopickup.
The centaur shoots an arrow.
The arrow hits you!
* * * LOW HITPOINT WARNING * * *
A demonic guardian appears!
You hear an angry hiss.
The centaur shoots an arrow.
The arrow closely misses you. The arrow hits your hellwing!
The centaur shoots an arrow.
The arrow hits you.
* * * LOW HITPOINT WARNING * * *
The arrow burns you.
* * * LOW HITPOINT WARNING * * *
The centaur shoots an arrow.
The arrow hits you but does no damage.
You swap places.
The centaur shoots an arrow.
The arrow closely misses your hellwing. The arrow hits you!
You die...

...# #o#
...###########.######...
........................
...#####.#####.#)####.[.
#### #..# #..cc...... #
##.# ###)#..#... # #...#
#.#..# # #.○○# #4# .# #
#§○☼# #@# .# #§§☼# #.# #
#####...# #.#
##.☼§..!$.. ..#
##..§§§.).=. ..#
.#...§..?.?. §..#
...#####...# ##.# ...#
#.§§# #.# ...# #○..#


You could see 2 centaurs and a friendly hellwing (summoned).

Vanquished Creatures
  Harold (D:9)
  A two-headed ogre (D:9)
  A troll (D:8)
  A hornet (D:9)
  7 yaks
  2 water moccasins
  3 orc warriors
  A sky beast (D:6)
  A black bear (D:5)
  2 wolves (D:8)
  A centaur (D:5)
  An ogre (D:6)
  2 phantoms (D:5)
  A kobold brigand (D:7)
  A scorpion (D:6)
  A bullfrog (D:9)
  5 killer bees (D:7)
  2 electric eels (D:8)
  3 jellies
  A gnoll bouda (D:4)
  7 hounds
  6 orc priests
  A sleepcap (D:6)
  5 iguanas
  8 orc wizards
  Robin (D:2)
  6 gnolls
  4 adders
  2 white imps
  A dart slug (D:1)
  41 orcs
  4 bats
  3 endoplasms
  3 giant cockroaches
  20 goblins
  8 hobgoblins
  5 jackals
  17 kobolds
  4 quokkas
  7 ball pythons
  2 rats (D:2)
193 creatures vanquished.

Vanquished Creatures (collateral kills)
  A water moccasin (D:8)
  An orc warrior (D:7)
  An ice beast (D:7)
  A centaur (D:8)
  A phantom (D:4)
  A bullfrog (D:7)
  An electric eel (D:8)
  3 hounds
  An orc priest (D:5)
  2 orc wizards (D:5)
  A gnoll (D:4)
  5 orcs
19 creatures vanquished.

Vanquished Creatures (others)
  An orc wizard (D:9)
1 creature vanquished.

Grand Total: 213 creatures vanquished

Notes
Turn   | Place    | Note
-------+----------+-------------------------------------------
     0 | D:1      | IdlyInterested the Demonspawn Gladiator began the quest for
                  | the Orb.
     0 | D:1      | Reached XP level 1. HP: 16/16 MP: 1/1
   506 | D:1      | Gained mutation: A weak demonic guardian rushes to your
                  | aid. [demonic ancestry]
   506 | D:1      | Reached XP level 2. HP: 20/23 MP: 2/2
  1411 | D:2      | Reached XP level 3. HP: 27/29 MP: 3/3
  1424 | D:2      | Noticed Robin
  1444 | D:2      | Killed Robin
  1445 | D:2      | Reached skill level 1 in Armour
  1680 | D:2      | Reached skill level 1 in Stealth
  2116 | D:3      | Gained mutation: A demonic guardian rushes to your aid.
                  | [demonic ancestry]
  2116 | D:3      | Reached XP level 4. HP: 35/35 MP: 4/4
  2198 | D:3      | Reached skill level 1 in Evocations
  2825 | D:4      | Noticed a phantom
  2838 | D:4      | Reached skill level 1 in Shapeshifting
  2841 | D:4      | Gained mutation: Your touch may inflict minor irresistible
                  | damage on your foes. [demonic ancestry]
  2841 | D:4      | Reached XP level 5. HP: 35/42 MP: 5/5
  2842 | D:4      | Killed a phantom
  2843 | D:4      | Reached skill level 1 in Shields
  2843 | D:4      | Reached skill level 1 in Short Blades
  3012 | D:4      | You are sucked into a shaft and drop 2 floors!
  3061 | D:6      | Reached skill level 2 in Short Blades
  3061 | D:6      | Gained mutation: You regenerate magic rapidly. [demonic
                  | ancestry]
  3061 | D:6      | Reached XP level 6. HP: 45/48 MP: 6/6
  3123 | D:5      | Entered Level 5 of the Dungeon
  3208 | D:5      | Reached skill level 3 in Short Blades
  3311 | D:5      | Reached XP level 7. HP: 40/54 MP: 7/7
  3755 | D:4      | Reached skill level 1 in Invocations
  3923 | D:4      | Found a staircase to the Ecumenical Temple.
  4108 | D:4      | Reached skill level 4 in Short Blades
  4143 | D:4      | Noticed Ijyb
  4149 | D:4      | Ijyb changed into Ijyb the iguana
  4149 | D:4      | Noticed Ijyb
  4155 | D:4      | Killed Ijyb the iguana
  4812 | Temple   | Entered the Ecumenical Temple
  4990 | D:5      | Gained mutation: You are strong-willed. (Will+) [potion of
                  | mutation]
  4990 | D:5      | Gained mutation: Your system is resistant to poisons.
                  | (rPois) [potion of mutation]
  4990 | D:5      | Gained mutation: You are vulnerable to heat. (rF-) [potion
                  | of mutation]
  5285 | D:5      | Reached XP level 8. HP: 57/61 MP: 10/10
  5542 | D:5      | Reached skill level 5 in Short Blades
  5863 | D:6      | Reached skill level 5 in Fighting
  5961 | D:6      | Noticed Maggie
  5965 | D:6      | Maggie changed into Maggie the sky beast
  5965 | D:6      | Noticed Maggie
  5974 | D:6      | Killed Maggie the sky beast
  6349 | D:7      | Reached skill level 6 in Short Blades
  6518 | D:7      | Gained mutation: You have a somewhat thin skeletal
                  | structure. (Dex +2, Stealth+) [demonic ancestry]
  6518 | D:7      | Reached XP level 9. HP: 62/68 MP: 12/12
  6532 | D:7      | Reached skill level 7 in Short Blades
  6532 | D:7      | Reached skill level 5 in Unarmed Combat
  7205 | D:8      | Found Wieduy's Antique Armour Boutique.
  7218 | D:8      | Bought a translucent chain mail for 180 gold pieces
  7218 | D:8      | Identified the +2 chain mail "Jutwestran" {rF+} (You bought
                  | it in a shop on level 8 of the Dungeon)
  7218 | D:8      | Bought a glowing scarf for 152 gold pieces
  7305 | D:8      | Found a stormy altar of Qazlal.
  7320 | D:8      | Found a sparkling altar of Nemelex Xobeh.
  7344 | D:8      | Found Ale Geng's Magic Scroll Emporium.
  7549 | D:8      | Found Zate's Magic Scroll Shop.
  7568 | D:8      | Noticed a troll
  7583 | D:8      | Killed a troll
  7584 | D:8      | Reached skill level 8 in Short Blades
  7879 | D:8      | Found a staircase to the Lair.
  7905 | D:8      | Found Jasih's Antique Armour Boutique.
  7952 | D:8      | Reached XP level 10. HP: 68/76 MP: 13/13
  7964 | D:8      | Reached skill level 9 in Short Blades
  8178 | D:8      | Found Ribeej's Book Shop.
  8324 | D:8      | Bought a pitted robe for 108 gold pieces
  8324 | D:8      | Identified the +1 robe of Jebahikkod {Dex+3} (You bought it
                  | in a shop on level 8 of the Dungeon)
  8394 | D:9      | Noticed Harold
  8414 | D:9      | Killed Harold
  8904 | D:9      | Noticed a two-headed ogre
  8916 | D:9      | Killed a two-headed ogre
  8917 | D:9      | Reached skill level 10 in Short Blades
  8942 | D:9      | HP: 3/76 [centaur/arrow (1)]
  8943 | D:9      | Shot with an arrow by a centaur

Illustrated notes

Levels and vault maps discovered:
D:1:      dpeg_arrival_central, layout_loops_corners,
          chequers_serial_rivers_micro_d
D:2:      layout_basic, dreamdust_princess_corridor, uniq_robin
D:3:      layout_basic
D:4:      kennysheep_goblin_castle, layout_layer_cave, temple_pool_b,
          corexii_hall_statues_l, grunt_decor_arrowhead, grunt_ministairs_15
D:5:      layout_loops_corners
D:6:      layout_rooms, mainiacjoe_overflow_alcove_2, uniq_maggie
D:7:      layout_rooms
D:8:      layout_gridville, nicolae_overflow_two_pavilions,
          mainiacjoe_overflow_cross_hatched, erik_lair_island, serial_shops,
          shop, nicolae_shop_pleasant_corner_grove, shop,
          nicolae_shop_tiny_real_fake_doors, nicolae_lakefront_shop,
          small_statue_intersection
D:9:      layout_basic, dk_noncrumbling_3, minmay_misc_feat_square,
          lemuel_flame_loot_1, uniq_harold
Temple:   nicolae_temple_no_exploring_needed

Skill      XL: |  1  2  3  4  5  6  7  8  9 10 |
---------------+-------------------------------+-----
Dodging        | 3 4 |  4.6
Fighting       | 3 4 5 6 |  6.3
Armour         | 1 2 |  2.0
Unarmed Combat | 3 4 5 6 |  6.0
Stealth        | 1 2 3 |  3.0
Evocations     | 1 2 |  2.0
Shapeshifting  | 1 3 |  3.0
Shields        | 1 |  1.0
Short Blades   | 2 3 4 6 8 10 | 10.1
Invocations    | 2 4 |  4.0
Throwing       | 2 |  2.0

Action                     |  1- 3 |  4- 6 |  7- 9 | 10-12 || total
---------------------------+-------+-------+-------+-------++-------
  Melee: Short sword       |    66 |       |   423 |   112 ||   601
         Unarmed           |    21 |       |       |       ||    21
         Punch             |     2 |     2 |    12 |     4 ||    20
         Dagger            |    42 |   113 |    27 |       ||   182
         Touch             |       |    19 |   106 |    36 ||   161
  Throw: Stone             |       |       |    16 |     2 ||    18
  Evoke: Wand              |       |       |     5 |       ||     5
    Use: Potion            |     1 |     1 |     6 |       ||     8
         Scroll            |       |     9 |     9 |     1 ||    19
   Stab: Sleeping          |     1 |       |       |       ||     1
         Invisible         |       |     4 |       |       ||     4
         Distracted        |       |     1 |       |       ||     1
 Armour: Leather armour    |    28 |       |       |       ||    28
         Chain mail        |    43 |    71 |   195 |    68 ||   377
         Skin              |     2 |       |       |       ||     2
  Dodge: Dodged            |    64 |    36 |    99 |    34 ||   233
  Block: Other             |    11 |    21 |    61 |    16 ||   109
         Reflection        |       |       |     3 |     2 ||     5

Table legend: (Time is in decaauts)
 A = Elapsed time spent in this place.
 B = Non-inter-level travel time spent in this place.
 C = Inter-level travel time spent in this place.
 D = Time resting spent in this place.
 E = Time spent auto-exploring this place.
 F = Levels seen in this place.
 G = Mean time per level.
                   A        B        C        D        E       F      G
               +--------+--------+--------+--------+--------+-----+--------+
         Total |   8621 |   8056 |    565 |   1122 |   5182 |  10 |  862.1 |
       Dungeon |   8619 |   8054 |    565 |   1122 |   5182 |   9 |  957.7 |
        Temple |      1 |      1 |      0 |      0 |      0 |   1 |    1.0 |
               +--------+--------+--------+--------+--------+-----+--------+

Top non-repeatable levels by time:
     D:4: 1611 daAuts
     D:1: 1329 daAuts
     D:8: 1234 daAuts
     D:5: 1091 daAuts
     D:2: 767 daAuts
     D:7: 765 daAuts
     D:3: 719 daAuts
     D:6: 640 daAuts
     D:9: 460 daAuts
  Temple: 1 daAuts
